 Dungeon Crawl Stone Soup version 0.27-a0-1202-ge72e49191c (webtiles) character file.

Game seed: 12678511059648370136

18197 Delamore the Spear-Bearer (level 12, -20/98 HPs)
             Began as a Formicid Fighter on June 4, 2021.
             Was a High Priest of the Shining One.
             Hit by a large rock thrown by a cyclops (33 damage)
             ... on level 13 of the Dungeon.
             The game lasted 00:15:21 (14475 turns).

Delamore the Spear-Bearer (Formicid Fighter)       Turns: 14475, Time: 00:15:22

Health: -20/98     AC: 15    Str: 34    XL:     12   Next: 92%
Magic:  16/16      EV:  9    Int:  8    God:    the Shining One [*****.]
Gold:   599        SH: 13    Dex: 10    Spells: 11/11 levels left

rFire    . . .     SeeInvis +   w - +6 trident "Worm's Wrath" {vorpal, rN+ Str+2 Stlth-}
rCold    . . .     Faith    .   c - +0 kite shield
rNeg     + + +     Spirit   .   k - +2 chain mail {rPois}
rPois    +         Reflect  .   (helmet unavailable)
rElec    .         Harm     .   J - +1 cloak {Will+}
rCorr    .         Rampage  .   s - +0 pair of gloves
Will     ++...                  (no boots)
Stlth    ..........             i - amulet of the acrobat
HPRegen  0.26/turn              b - +6 ring of strength
MPRegen  0.15/turn              (no ring)

@: mighty, glowing, studying Fighting
A: permanent stasis, dig shafts and tunnels, antennae 3, four strong arms
a: Dig, Shaft Self, Renounce Religion, Divine Shield, Cleansing Flame, Summon
Divine Warrior


You were on level 13 of the Dungeon.
You worshipped the Shining One.
The Shining One was extremely pleased with you.
You visited 1 branch of the dungeon, and saw 12 of its levels.
You also visited: Bailey.

You collected 644 gold pieces.
You spent 45 gold pieces at shops.

Inventory:

Hand Weapons
 w - the +6 trident "Worm's Wrath" (weapon) {vorpal, rN+ Str+2 Stlth-}
   (You took it off a gnoll on level 6 of the Dungeon)

   It inflicts extra damage upon your enemies.
   It affects your strength (+2).
   It protects you from negative energy.
   It makes you less stealthy.
Missiles
 u - 4 throwing nets
 v - 51 poisoned darts
 y - 5 curare-tipped darts
 C - 3 atropa-tipped darts
 E - 11 boomerangs
 M - 4 boomerangs of dispersal
Armour
 c - a +0 kite shield (worn)
 k - a +2 chain mail of poison resistance (worn)
 n - a +0 chain mail of cold resistance
 s - a +0 pair of gloves (worn)
 J - a +1 cloak of willpower (worn)
Jewellery
 b - a +6 ring of strength (left hand)
 i - an amulet of the acrobat (around neck)
 q - an amulet of faith
Wands
 l - a wand of paralysis (27)
 m - a wand of polymorph (6)
 p - a wand of digging (11)
 r - a wand of acid (6)
 K - a wand of mindburst (12)
 L - a wand of iceblast (4) (quivered)
Scrolls
 a - 2 scrolls of fear
 g - 2 scrolls of magic mapping
 o - 4 scrolls of enchant armour
 A - a scroll of immolation
 B - a scroll of fog
 I - 4 scrolls of amnesia
Potions
 d - a potion of might
 f - a potion of cancellation {unknown}
 h - 6 potions of lignification
 j - a potion of haste
 t - 2 potions of ambrosia
 x - a potion of resistance
 z - 3 potions of degeneration
 D - a potion of flight
 F - 2 potions of attraction
 G - a potion of curing
 H - 2 potions of brilliance {unknown}


   Skills:
 + Level 10.4 Fighting
 - Level 14.0 Polearms
 - Level 6.0 Throwing
 + Level 6.3 Armour
 + Level 9.1 Shields
 + Level 5.6 Invocations


You had 11 spell levels left.
You didn't know any spells.
Your spell library contained the following spells:

 Spells                   Type           Power      Damage    Failure   Level
 Animate Skeleton         Necr           0%         N/A       86%         1
 Beastly Appendage        Tmut           0%         N/A       86%         1
 Pain                     Necr           0%         1d4       86%         1
 Shock                    Conj/Air       0%         1d3       86%         1
 Static Discharge         Conj/Air       0%         N/A       94%         2
 Wereblood                Tmut           0%         N/A       94%         2
 Confusing Touch          Hex            0%         N/A       99%         3
 Gell's Gravitas          Tloc           0%         N/A       99%         3
 Spider Form              Tmut/Pois      0%         N/A       99%         3
 Vampiric Draining        Necr           0%         2d6       99%         3
 Airstrike                Air            0%         N/A       100%        4
 Animate Dead             Necr           0%         N/A       100%        4
 Ice Form                 Ice/Tmut       0%         N/A       100%        4
 Petrify                  Tmut/Erth      0%         N/A       100%        4
 Agony                    Necr           0%         N/A       100%        5
 Hydra Form               Tmut           0%         N/A       100%        5
 Lightning Bolt           Conj/Air       0%         1d11      100%        5
 Metabolic Englaciation   Hex/Ice        0%         N/A       100%        5
 Yara's Violent Unravell  Hex/Tmut       0%         3d3       100%        5
 Swiftness                Air            Unusable   N/A       N/A         3

Dungeon Overview and Level Annotations

Branches:
Dungeon (13/15)            Temple (0/1) D:4            Lair (0/6) D:11
 Bailey (visited)
    Orc: D:9-12      Vaults: D:13-14

Altars:
Ashenzari
Cheibriados
Fedhas
Kikubaaqudgha
Uskayaw
Xom
Yredelemnul
The Shining One

Shops:
D:2 [   D:6 ?

Portals:
Trove: D:10 (give 2 scrolls of acquirement)

Annotations:
D:8 1 runed translucent door
D:11 1 transporter


Innate Abilities, Weirdness & Mutations

You cannot be hasted, slowed, berserked, paralysed or teleported.
You can dig through walls and to a lower floor.
You have a pair of large antennae on your head. (SInv)
Your four strong arms can wield two-handed weapons with a shield.


Message History

The cyclops throws a large rock.
The large rock misses you.
Aiming: Iceblast
Press: ? - help, Q - select action, (/) - cycle Shift-Dir - straight line, f - wolf spider
Aim: a wolf spider (haloed)
Okay, then.
You extend your mandibles.
You dig through the rock wall.
The wolf spider hits you!
* * * LOW HITPOINT WARNING * * *
The wolf spider completely misses you. The wolf spider closely misses you. x2
You retract your mandibles.
The wolf spider completely misses you.
The wolf spider bites you but does no damage.
The wolf spider hits you but does no damage.
The wolf spider closely misses you. The wolf spider hits you!
* * * LOW HITPOINT WARNING * * *
The wolf spider completely misses you.
The wolf spider hits you but does no damage.
The wolf spider barely misses you.
Okay, then.
You feel very mighty all of a sudden. The wolf spider barely misses you.
The wolf spider bites you but does no damage.
The wolf spider hits you.
* * * LOW HITPOINT WARNING * * *
The wolf spider bites you but does no damage.
You puncture the wolf spider!
The wolf spider is lightly wounded.
You block the wolf spider's attack.
The wolf spider bites you but does no damage.
You impale the wolf spider!!
The wolf spider is heavily wounded.
The wolf spider hits you but does no damage.
You block the wolf spider's attack.
You puncture the wolf spider!
The wolf spider is almost dead.
You impale the wolf spider!!
You kill the wolf spider!
The cyclops throws a large rock.
The large rock hits you!!
You die...

,**,,*,,*#.#....#
,,*,,**,,#.#....#
,,*#..*..#.#....#
#..*..##.#.#...##
*..##..#.#.##'#.#######
*#..#..#.#.#..........#
,*sC##...#.#...#......#
,*#..#...#.#...#......#
.,#..##..#.'...#@.....#
..##C.#..C.#####......#
......##.#..C{.C#######
..##(..CC#÷.....# #######
......##)#......## #.....#
.................# #.....#
##########....)..# #.....#
,,,.......÷..)∩).# #.....#
,,,...........)..##########.....#


You could see a cyclops.

Vanquished Creatures
  A boulder beetle (D:10)
  2 hydras
  A centaur warrior (D:13)
  2 two-headed ogres
  Pikel (D:6)
  An orc knight (Bailey)
  A wolf spider (D:13)
  4 cyclopes
  A manticore (D:13)
  2 ugly things
  Maurice (D:8)
  Maggie (D:7)
  A gargoyle (D:8)
  A komodo dragon (D:10)
  A freezing wraith (D:11)
  2 trolls
  2 meliai zombies
  A wyvern (D:6)
  2 wraiths
  7 yaks
  A steam dragon (D:7)
  2 vampire mosquitoes (D:13)
  2 wargs (D:11)
  An acid dragon (D:8)
  Duvessa (D:7)
  3 water moccasins
  2 black bears (D:6)
  An ice beast (D:6)
  10 orc warriors
  A hornet zombie (D:7)
  2 necrophages
  An ogre (D:5)
  6 centaurs
  4 lemures (D:6)
  3 kobold brigands
  3 gnoll sergeants
  A scorpion (D:4)
  A bullfrog (D:8)
  A water moccasin skeleton (D:2)
  Dowan (D:7)
  6 killer bees (D:10)
  6 howler monkeys
  4 centaur zombies
  7 hounds
  9 orc priests
  A jelly (D:6)
  Ijyb (D:5)
  Jessica (D:3)
  Natasha (twice) (D:2)
  3 iguanas
  16 orc wizards
  Terence (D:3)
  2 hound skeletons (D:5)
  A howler monkey zombie (D:8)
  Robin (D:2)
  5 adders
  27 gnolls
  2 shadow imps
  2 white imps
  An ufetubus (D:5)
  3 worms
  A dart slug (D:1)
  65 orcs
  6 ball pythons
  11 endoplasms
  A giant cockroach (D:3)
  22 goblins
  13 hobgoblins
  24 jackals
  20 kobolds
  6 quokkas
  9 bats
  4 frilled lizards
  A kobold zombie (D:8)
  7 rats
373 creatures vanquished.

Vanquished Creatures (others)
  A plant (D:5)
1 creature vanquished.

Grand Total: 374 creatures vanquished

Notes
Turn   | Place    | Note
-------+----------+-------------------------------------------
     0 | D:1      | Delamore the Formicid Fighter began the quest for the Orb.
     0 | D:1      | Reached XP level 1. HP: 18/18 MP: 1/1
   130 | D:1      | Reached XP level 2. HP: 19/24 MP: 2/2
   349 | D:1      | Reached XP level 3. HP: 29/30 MP: 3/3
   504 | D:1      | Reached skill level 3 in Polearms
   512 | D:1      | Found a faded altar of an unknown god.
   525 | D:1      | Became a worshipper of the Shining One
   525 | D:1      | Reached * piety under the Shining One
   839 | D:2      | Reached XP level 4. HP: 27/37 MP: 4/4
   939 | D:2      | Reached skill level 4 in Polearms
  1145 | D:2      | Noticed Natasha
  1156 | D:2      | Killed Natasha
  1157 | D:2      | Reached XP level 5. HP: 26/43 MP: 5/5
  1620 | D:2      | Found Kiluqycw's Antique Armour Shoppe.
  1653 | D:2      | Noticed Robin
  1677 | D:2      | Killed Robin
  1678 | D:2      | Reached XP level 6. HP: 36/49 MP: 6/6
  1726 | D:2      | Noticed Natasha
  1736 | D:2      | Killed Natasha
  1737 | D:2      | Reached skill level 5 in Polearms
  1832 | D:2      | Reached ** piety under the Shining One
  2139 | D:3      | Reached skill level 5 in Fighting
  2168 | D:3      | Noticed Terence
  2184 | D:3      | Killed Terence
  2455 | D:3      | Noticed Jessica
  2459 | D:3      | Killed Jessica
  3087 | D:4      | Found a staircase to the Ecumenical Temple.
  3113 | D:4      | Reached skill level 6 in Polearms
  3113 | D:4      | Reached XP level 7. HP: 53/56 MP: 7/7
  3133 | D:4      | Found a glowing golden altar of the Shining One.
  3682 | D:4      | Reached skill level 7 in Polearms
  3861 | D:5      | Entered Level 5 of the Dungeon
  3934 | D:5      | Noticed a water moccasin
  3944 | D:5      | Killed a water moccasin
  3960 | D:5      | Reached XP level 8. HP: 62/62 MP: 8/8
  4073 | D:5      | Reached skill level 8 in Polearms
  4471 | D:5      | Noticed Ijyb
  4482 | D:5      | Reached skill level 9 in Polearms
  4510 | D:5      | Killed Ijyb
  5457 | D:5      | Reached skill level 10 in Polearms
  5457 | D:5      | Reached XP level 9. HP: 62/68 MP: 9/9
  5833 | D:6      | Identified the +6 trident "Worm's Wrath" {vorpal, rN+ Str+2
                  | Stlth-}
  5854 | D:6      | Reached *** piety under the Shining One
  6152 | D:6      | Reached skill level 11 in Polearms
  6178 | D:6      | Found Roakin's Magic Scroll Boutique.
  6186 | D:6      | Bought a scroll of fear for 45 gold pieces
  6235 | D:6      | Found a broken altar of Ashenzari.
  6479 | D:6      | Noticed a troll
  6488 | D:6      | Killed a troll
  6806 | D:6      | Noticed Pikel
  6817 | D:6      | Killed Pikel
  6818 | D:6      | Reached skill level 12 in Polearms
  6818 | D:6      | Reached XP level 10. HP: 58/74 MP: 10/10
  7383 | D:7      | Noticed Duvessa
  7383 | D:7      | Noticed Dowan
  7388 | D:7      | Killed Dowan
  7394 | D:7      | Killed Duvessa
  7395 | D:7      | Reached skill level 13 in Polearms
  7505 | D:7      | Noticed a two-headed ogre
  7522 | D:7      | Killed a two-headed ogre
  7821 | D:7      | Noticed Maggie
  7831 | D:7      | Killed Maggie
  7832 | D:7      | Reached skill level 14 in Polearms
  8109 | D:7      | Reached skill level 1 in Throwing
  8832 | D:8      | Noticed Maurice
  8845 | D:8      | Found Baesan's Antique Weapon Boutique.
  8849 | D:8      | Killed Maurice
  8850 | D:8      | Reached skill level 5 in Shields
  8850 | D:8      | Reached XP level 11. HP: 73/81 MP: 11/11
  8918 | D:8      | Found a runed translucent door.
  8919 | D:8      | Reached **** piety under the Shining One
  8920 | D:8      | Found a basalt altar of Yredelemnul.
  9545 | D:8      | Found a hide-covered altar of Uskayaw.
 10577 | D:10     | Entered Level 10 of the Dungeon
 10903 | D:10     | Found a blossoming altar of Fedhas.
 10970 | D:10     | Found a portal to a secret trove of treasure.
 11004 | D:10     | Found an ancient bone altar of Kikubaaqudgha.
 11073 | D:10     | Found a snail-covered altar of Cheibriados.
 11124 | D:10     | Reached skill level 5 in Throwing
 11202 | D:10     | Noticed a two-headed ogre
 11209 | D:10     | Killed a two-headed ogre
 11429 | D:10     | Noticed a cyclops
 11434 | D:10     | Killed a cyclops
 11638 | D:10     | Found a shimmering altar of Xom.
 11655 | D:10     | Noticed a cyclops
 11662 | D:10     | Killed a cyclops
 11792 | D:10     | Noticed a boulder beetle
 11808 | D:10     | Killed a boulder beetle
 11809 | D:10     | Reached XP level 12. HP: 33/97 MP: 12/12
 12152 | D:10     | Reached skill level 10 in Fighting
 12206 | D:10     | Reached ***** piety under the Shining One
 12215 | D:10     | Reached skill level 1 in Invocations
 12632 | D:11     | Noticed a deep elf knight
 12649 | D:11     | Found a transporter.
 13003 | D:11     | Found a staircase to the Lair.
 13038 | D:11     | Noticed a seven-headed hydra
 13059 | D:11     | Killed a seven-headed hydra
 13060 | D:11     | Reached skill level 5 in Armour
 13345 | D:11     | You fall into a shaft and drop 2 floors!
 13376 | D:13     | Found a flagged portal.
 13504 | Bailey   | Entered a bailey
 13901 | Bailey   | Reached skill level 5 in Invocations
 14434 | D:13     | Noticed an eight-headed hydra
 14439 | D:13     | Killed an eight-headed hydra
 14441 | D:13     | Noticed a centaur warrior
 14458 | D:13     | Killed a centaur warrior
 14475 | D:13     | Hit by a large rock thrown by a cyclops

Illustrated notes

Levels and vault maps discovered:
D:1:      scummos_arrival_gate, layout_loops_cross,
          ebering_ecumenical_altar_ruins, supply_closet_lemuel
D:2:      layout_rooms, serial_shops, nicolae_shop_window_shopping,
          minmay_stone_trees_small, minmay_quantized, uniq_robin, uniq_natasha
D:3:      layout_basic, uniq_terence, uniq_jessica
D:4:      layout_gridville, nicolae_tso_carved_into_rock,
          minmay_temple_entry_butterflies, grunt_ministairs_13,
          lemuel_old_faithful
D:5:      lemuel_castle_with_subvaults [lemuel_castle_interior_carwin_2],
          layout_loops_ring, kennysheep_generic_room_5, uniq_ijyb
D:6:      layout_cave_pods, lemuel_doored_altar, serial_shops, shop_scrolls,
          uniq_pikel
D:7:      layout_loops_ring, minmay_fountain_box, uniq_maggie, uniq_duvessa
D:8:      minmay_diamond_stairs, layout_basic, dk_yredelemnul_ordeal,
          lemuel_crystal_altar, serial_shops, nicolae_shop_window_shopping,
          uniq_maurice
D:9:      layout_basic, kennysheep_nub
D:10:     minmay_thick_lines, layout_basic, kennysheep_mini,
          chequers_temple_overflow_statue_of_worship, xom_butterflies,
          nicolae_trove_entry_columns
D:11:     gammafunk_wand_slinger, layout_grid_maze, erik_lair_orcish_takeover,
          roderic_serpentine_path
D:13:     minmay_tri_box, layout_gridville, enter_bailey_2, minivault_25_ag,
          minmay_unpleasant_kobolds

Skill      XL: |  1  2  3  4  5  6  7  8  9 10 11 12 |
---------------+-------------------------------------+-----
Polearms       | 3 4 6 7 10 12 14 | 14.0
Fighting       | 4 5 9 10 | 10.4
Throwing       | 2 6 |  6.0
Shields        | 5 7 9 |  9.1
Invocations    | 5 |  5.6
Armour         | 6 |  6.3

Action                   |  1- 3 |  4- 6 |  7- 9 | 10-12 || total
-------------------------+-------+-------+-------+-------++-------
Melee: Trident           |   106 |   217 |   458 |   469 ||  1250
       Unarmed           |       |       |       |     8 ||     8
Invok: Summon Divine War |       |       |       |     1 ||     1
 Abil: Dig               |       |       |       |     6 ||     6
Evoke: Wand              |       |       |       |     9 ||     9
  Use: Scroll            |     2 |     6 |     3 |     6 ||    17
       Potion            |       |       |       |     3 ||     3
Armor: Scale mail        |    44 |    17 |       |       ||    61
       Chain mail        |       |    52 |   196 |   121 ||   369
Dodge: Dodged            |    39 |    53 |   123 |   154 ||   369
Block: Kite shield       |    43 |    82 |   196 |   195 ||   516

Table legend: (Time is in decaauts)
 A = Elapsed time spent in this place.
 B = Non-inter-level travel time spent in this place.
 C = Inter-level travel time spent in this place.
 D = Time resting spent in this place.
 E = Time spent auto-exploring this place.
 F = Levels seen in this place.
 G = Mean time per level.
                   A        B        C        D        E       F      G
               +--------+--------+--------+--------+--------+-----+--------+
         Total |  14558 |  14239 |    319 |   2635 |   9116 |  13 | 1119.8 |
       Dungeon |  13667 |  13348 |    319 |   2418 |   8668 |  12 | 1138.9 |
        Bailey |    890 |    890 |      0 |    217 |    447 |   1 |  890.0 |
               +--------+--------+--------+--------+--------+-----+--------+

Top non-repeatable levels by time:
     D:5: 1998 daAuts
    D:10: 1733 daAuts
     D:6: 1432 daAuts
     D:7: 1382 daAuts
     D:3: 1062 daAuts
     D:8: 1036 daAuts
     D:2: 1025 daAuts
    D:11: 978 daAuts
     D:4: 934 daAuts
     D:1: 932 daAuts
  Bailey: 890 daAuts
     D:9: 842 daAuts
    D:13: 309 daAuts
